 Dungeon Sprint DCSS version 0.26-a0-683-g5206c1d7ac (webtiles) character file.

Game seed: 332331558475098980

49 rocky1 the Shield-Bearer (level 3, -1/34 HPs)
             Began as a Gargoyle Fighter on Oct 23, 2020.
             Slain by a water elemental (17 damage)
             ... in the Dungeon (Sprint III: "The Ten Rune Challenge").
             The game lasted 00:01:01 (234 turns).

rocky1 the Shield-Bearer (Gargoyle Fighter)          Turns: 234, Time: 00:01:01

Health: -1/34      AC: 10    Str: 20    XL:     3   Next: 77%
Magic:  3/3        EV:  7    Int:  8    God:
Gold:   24         SH: 10    Dex:  9    Spells: 2/2 levels left

rFire    . . .     SeeInvis .   a - +0 flail
rCold    . . .     Faith    .   c - +0 kite shield
rNeg     + . .     Spirit   .   b - +0 scale mail
rPois    ∞         Reflect  .   (no helmet)
rElec    +         Harm     .   (no cloak)
rCorr    .         Rampage  .   (no gloves)
MR       .....     NoTele   +   (no boots)
Stlth    ..........             (no amulet)
HPRegen  0.11/turn              (no ring)
MPRegen  0.08/turn              (no ring)

@: berserking, engulfed, very quick
A: negative energy resistance 1, electricity resistance, unbreathing,
petrification resistance, rot immunity, AC +3
a: no special abilities


You were in the Dungeon.
You visited 1 branch You collected 24 gold pieces.

Inventory:

Hand Weapons
 a - a +0 flail (weapon)
Armour
 b - a +0 scale mail (worn)
 c - a +0 kite shield (worn)
Scrolls
 j - a scroll of blinking
 k - a scroll of fear {unknown}
 l - a scroll of immolation {unknown}
 m - 3 scrolls of identify
 n - 2 scrolls of remove curse {unknown}
 p - a scroll of torment {unknown}
Potions
 d - 2 potions of might
 e - 2 potions of curing
 f - a potion of heal wounds
 g - 4 potions of mutation {unknown}
 h - 2 potions of magic
 o - a potion of flight {unknown}


   Skills:
 - Level 3.2 Fighting
 + Level 5.3 Maces & Flails
 - Level 3.2 Armour
 + Level 6.4 Shields


You had 2 spell levels left.
You didn't know any spells.
Your spell library was empty.

Dungeon Overview and Level Annotations

Branches:
Dungeon (1/1)

Altars:


Innate Abilities, Weirdness & Mutations

You are resistant to torment.
Your stone body is resilient. (AC +3)
You are immune to poison.
You resist negative energy. (rN+)
You are resistant to electric shocks. (rElec)
You can survive without breathing.
You are immune to petrification.
You are immune to rotting.


Message History

A water elemental comes into view.
A red film seems to cover your vision as you go berserk!
You feel yourself moving faster!
You feel mighty!
You barely miss the water elemental. You barely miss the water elemental.
You block the water elemental's attack.
You thump the water elemental!
The water elemental is moderately damaged.
The water elemental hits you!
You sock the water elemental!
The water elemental is severely damaged.
The water elemental hits you.
The water elemental engulfs you in water!
You closely miss the water elemental.
The water elemental is severely damaged.
You block the water elemental's attack.
You sock the water elemental!
The water elemental is almost destroyed.
The water elemental hits you!
Ouch! That really hurt!
You die...

▓▓▓▓▓▓▓▓ ▓▓▓ <..#..†####
##.# ...#......#####..#
..##.......#..#..#
##.##.##...#..#..# #+#+#
##.##.###..##'#..#......
#.####.##..###..@E.⌠....
.###..##.)####...#...###
#..†..##..###....# ⌠.#
###†.##...##.....# .#
##..##....#†.....# #
#..###..##.#.....# #..#
#..#####....# ▓▓▓▓ ▓▓▓▓
▓▓▓▓▓▓


You could see a water elemental.

Vanquished Creatures
  Jessica (D)
  A human (D)
  A phantom (D)
  3 rats (D)
6 creatures vanquished.

Notes
Turn   | Place    | Note
-------+----------+-------------------------------------------
     0 | D        | rocky1 the Gargoyle Fighter began the quest for the Orb.
     0 | D        | Reached XP level 1. HP: 14/14 MP: 1/1
    56 | D        | Noticed Jessica
    61 | D        | Killed Jessica
    61 | D        | Reached skill level 5 in Shields
    61 | D        | Reached XP level 2. HP: 19/19 MP: 2/2
    61 | D        | Reached XP level 3. HP: 23/23 MP: 3/3
   190 | D        | Reached skill level 5 in Maces & Flails
   190 | D        | Reached skill level 6 in Shields
   227 | D        | Noticed a water elemental
   234 | D        | Slain by a water elemental

Illustrated notes

Levels and vault maps discovered:
D:        dungeon_sprint_mu [sprint_mu_entry_cave, sprint_mu_temple_rooms,
          sprint_mu_d1_spiders, sprint_mu_d2_genie, sprint_mu_d3_branching,
          sprint_mu_orc_legion, sprint_mu_elf_gauntlet, sprint_mu_hive_nellie,
          sprint_mu_lair_fedhas, sprint_mu_vaults_butterflies,
          sprint_mu_slime_circle, sprint_mu_shoals_archi,
          sprint_mu_snake_twists, sprint_mu_blade_basic,
          sprint_mu_crypt_fortress, sprint_mu_tomb_spiral,
          sprint_mu_vestibule_basic, sprint_mu_gehenna_hellfire,
          sprint_mu_dis_giant, sprint_mu_tartarus_statrot,
          sprint_mu_cocytus_islands, sprint_mu_zot1]

Skill      XL: |  1  2  3 |
---------------+----------+-----
Maces & Flails | 4 5 |  5.3
Shields        | 5 6 |  6.4
Fighting       | |  3.2
Armour         | |  3.2

Action                   || total
-------------------------++-------
Melee: Flail             ||    39
  Use: Potion            ||     2
Armor: Scale mail        ||    16
Dodge: Dodged            ||     6
Block: Kite shield       ||    12

Table legend: (Time is in decaauts)
 A = Elapsed time spent in this place.
 B = Non-inter-level travel time spent in this place.
 C = Inter-level travel time spent in this place.
 D = Time resting spent in this place.
 E = Time spent auto-exploring this place.
 F = Levels seen in this place.
 G = Mean time per level.
                   A        B        C        D        E       F      G
               +--------+--------+--------+--------+--------+-----+--------+
         Total |    224 |    224 |      0 |    100 |      0 |   1 |  224.0 |
       Dungeon |    224 |    224 |      0 |    100 |      0 |   1 |  224.0 |
               +--------+--------+--------+--------+--------+-----+--------+

Top non-repeatable levels by time:
       D: 224 daAuts
